 Dungeon Crawl Stone Soup version 0.28-a0-1080-g05a166d0ed (webtiles) character file.

Game seed: 14517107883148454262

21 ragingrage the Cudgeller (level 2, -2/17 HPs)
             Began as a Gargoyle Warper on Dec 10, 2021.
             Slain by a kobold (4 damage)
             ... on level 1 of the Dungeon.
             The game lasted 00:01:42 (1514 turns).

ragingrage the Cudgeller (Gargoyle Warper)          Turns: 1514, Time: 00:01:43

Health: -2/17      AC:  5    Str: 14    XL:     2   Next: 87%
Magic:  5/5        EV: 11    Int: 13    God:
Gold:   34         SH:  0    Dex:  9    Spells: 0/5 levels left

rFire   . . .      SeeInvis .   a - +0 mace
rCold   . . .      Faith    .   (no shield)
rNeg    + . .      Spirit   .   b - +0 leather armour
rPois   ∞          Reflect  .   (no helmet)
rElec   +          Harm     .   (no cloak)
rCorr   .          Rampage  .   (no gloves)
Will    .....                   (no boots)
Stlth   +.........              (no amulet)
HPRegen 0.05/turn               (no ring)
MPRegen 0.09/turn               (no ring)

@: no status effects
A: sickness immunity, AC +2, negative energy resistance 1, electricity
resistance, torment resistance 1, petrification resistance
a: no special abilities


You were on level 1 of the Dungeon.
You visited 1 branch of the dungeon, and saw 2 of its levels.

You collected 34 gold pieces.

Inventory:

Hand Weapons
 a - a +0 mace (weapon)
Missiles
 d - 2 boomerangs of dispersal (quivered)
Armour
 b - a +0 leather armour (worn)
Scrolls
 c - a scroll of blinking
Potions
 f - 3 potions of mutation {unknown}


   Skills:
 - Level 2.1 Fighting
 * Level 3.3 Maces & Flails
 - Level 0.8 Throwing
 - Level 1.1 Armour
 - Level 1.5 Dodging
 - Level 2.0 Spellcasting
 - Level 2.6 Translocations


You couldn't memorise any spells.
You knew the following spells:

 Your Spells              Type           Power      Damage    Failure   Level
a - Blink                 Tloc           16%        N/A       16%         2
b - Pain                  Necr           4%         1d4       30%         1
c - Poisonous Vapours     Pois/Air       2%         N/A       43%         2

Your spell library contained the following spells:

 Spells                   Type           Power      Damage    Failure   Level
 Animate Skeleton         Necr           2%         N/A       30%         1
 Gell's Gravitas          Tloc           8%         N/A       30%         3
 Lesser Beckoning         Tloc           8%         N/A       30%         3
 Teleport Other           Tloc           8%         N/A       30%         3
 Corpse Rot               Necr/Air       2%         N/A       43%         2
 Dazzling Flash           Conj/Hex       2%         N/A       67%         3
 Vampiric Draining        Necr           1%         2d6       67%         3
 Iskenderun's Mystic Bla  Conj/Tloc      4%         2d3       87%         4
 Manifold Assault         Tloc           8%         N/A       96%         5
 Agony                    Necr           1%         N/A       100%        5
 Silence                  Hex/Air        0%         N/A       100%        5
 Malign Gateway           Summ/Tloc      2%         N/A       100%        7


Dungeon Overview and Level Annotations

Branches:
Dungeon (2/15)

Altars:

Shops:
D:1 =

Annotations:
D:1 exclusion: downstairs
D:2 Sigmund


Innate Abilities, Weirdness & Mutations

You are immune to sickness and miasma.
Your stone body is resilient. (AC +2)
You are immune to poison.
You resist negative energy. (rN+)
You are resistant to electric shocks. (rElec)
You are resistant to unholy torment.
You are immune to petrification.


Message History

The jackal barely misses you. The jackal bites you.
A jackal comes into view.
The jackal barely misses you.
The jackal bites you but does no damage.
Unknown command.
Throw: dart (curare)
Press: ? - help, Q - select action, (/) - cycle Shift-Dir - straight line, f/p - Sigmund
Aim: Sigmund, wielding a +0 scythe and wearing a +0 robe (heavily wounded, poisoned, slow, 50% to hit)
You throw a curare-tipped dart.
The curare-tipped dart closely misses Sigmund.
The jackal barks!
The jackal barely misses you. Sigmund closely misses you.
The jackal bites you but does no damage.
The jackal barely misses you.
The jackal bites you but does no damage.
The kobold hits you with a +0 club.
The jackal bites you but does no damage.
You climb upwards.
Level annotation: exclusion: downstairs
There is a stone staircase leading down here.
You barely miss the jackal.
The jackal bites you but does no damage.
The kobold barely misses you.
The jackal bites you but does no damage.
The jackal barely misses you.
You completely miss the jackal.
The jackal bites you but does no damage.
The jackal closely misses you. The kobold hits you with a +0 club.
The jackal barely misses you. The jackal bites you.
* * * LOW HITPOINT WARNING * * *
The kobold hits you but does no damage.
You sock the jackal!
You kill the jackal!
The jackal bites you.
* * * LOW HITPOINT WARNING * * *
The kobold barely misses you.
The jackal bites you but does no damage.
You barely miss the jackal. The jackal barely misses you.
The kobold hits you with a +0 club.
You die...

#............#........#
#............#........#
#............#........#
#............#........# ###
#####............'..##+##.####..
#...'............##.#.......##(#
#.###............+.....#.##.##.#
#.# #..........K.####.##.##.##..
#.# ###########@................
#.#############h########.##.....
#...............................
#####################.##.######.
#......##.# #. #......##.## #.
##########..........######
#.........................
#.........................


You could see a jackal and a kobold.

Vanquished Creatures
  A dart slug (D:1)
  2 endoplasms (D:1)
  A goblin (D:1)
  A hobgoblin (D:1)
  A jackal (D:1)
  4 ball pythons (D:1)
  5 bats (D:1)
  2 frilled lizards (D:1)
  A kobold (D:1)
  A rat (D:1)
19 creatures vanquished.

Notes
Turn   | Place    | Note
-------+----------+-------------------------------------------
     0 | D:1      | ragingrage the Gargoyle Warper began the quest for the Orb.
     0 | D:1      | Reached XP level 1. HP: 12/12 MP: 3/3
   128 | D:1      | Reached XP level 2. HP: 11/17 MP: 5/5
   278 | D:1      | Learned a level 2 spell: Blink
   421 | D:1      | Learned a level 1 spell: Pain
   601 | D:1      | Found Juherph's Jewellery Shoppe.
   629 | D:1      | Reached skill level 3 in Maces & Flails
  1176 | D:1      | Got the Guide on Spatial Lightness
  1240 | D:1      | Learned a level 2 spell: Poisonous Vapours
  1445 | D:2      | Noticed Sigmund
  1514 | D:1      | Slain by a kobold

Illustrated notes

Levels and vault maps discovered:
D:1:      lightli_arrival_windingriver, layout_basic, serial_shops, shop
D:2:      layout_basic, dreamdust_ecumenical_altar_angels_and_demons, hex_large,
          serial_bayou_pond_d, dk_noncrumbling_4, uniq_sigmund,
          uniq_crazy_yiuf_cottage

Skill      XL: |  1  2 |
---------------+-------+-----
Maces & Flails | 3 |  3.3
Fighting       | |  2.1
Throwing       | |  0.8
Armour         | |  1.1
Dodging        | |  1.5
Spellcasting   | |  2.0
Translocations | |  2.6

Action                   || total
-------------------------++-------
Melee: Mace              ||    54
Throw: Dart              ||     3
       Javelin           ||     3
       Boomerang         ||     3
 Cast: Pain              ||    18
Armor: Leather armour    ||    54
Dodge: Dodged            ||    54

Table legend: (Time is in decaauts)
 A = Elapsed time spent in this place.
 B = Non-inter-level travel time spent in this place.
 C = Inter-level travel time spent in this place.
 D = Time resting spent in this place.
 E = Time spent auto-exploring this place.
 F = Levels seen in this place.
 G = Mean time per level.
                   A        B        C        D        E       F      G
               +--------+--------+--------+--------+--------+-----+--------+
         Total |   1534 |   1447 |     87 |    274 |    925 |   2 |  767.0 |
       Dungeon |   1534 |   1447 |     87 |    274 |    925 |   2 |  767.0 |
               +--------+--------+--------+--------+--------+-----+--------+

Top non-repeatable levels by time:
     D:1: 1469 daAuts
     D:2: 65 daAuts
